AoeStats
← ME_DEPRIME_JUGAR_CON_USTEDES

Lombardia

509260584Analyzed
4v4 RM · 6d ago on Sep 26, 2026· 25m 27s· 8 players
Game mode
Random Map
Map size
Large (8 player)
Population
200
Speed
Normal
Resources
Standard
Victory
Conquest
Starting age
Dark Age
Ending age
Imperial Age
RankedLock teamsTeams togetherTeam positionsShared explorationLock speedFull tech treeHidden civsTurbo modeCheats
Victory
Defeat
🇲🇽 Britons · Mexico
1439
+18
🇧🇷 Varangians · Brazil
1394
+20
🇨🇴 Tatars · Colombia
1378
+20
🇨🇱 Hindustanis · Chile
1343
+21
1563
-24
🇦🇷 Tatars · Argentina
1476
-20
🇦🇷 Hindustanis · Argentina
1437
-18
🇦🇷 Burgundians · Argentina
1411
-17
LaPosta
0:40 Loom
9:36 Feudal Age
10:08 Town Watch
11:03 Double-Bit Axe
12:20 Bloodlines
13:39 Scale Barding Armor
19:50 Castle Age
18:18 Gold Mining
18:11 Horse Collar
20:32 Forging
19:52 Light Cavalry
20:33 Husbandry
24:50 Chain Barding Armor
26:16 Wheelbarrow
l3av3x
10:33 Feudal Age
12:22 Loom
15:24 Castle Age
13:43 Double-Bit Axe
13:38 Horse Collar
16:18 Bow Saw
24:01 Wheelbarrow
24:16 Scale Barding Armor
25:34 Town Watch
26:04 Hand Cart
25:49 Gold Mining
JR | cristopher7gc
9:16 Feudal Age
14:44 Castle Age
14:50 Fletching
16:12 Bodkin Arrow
16:26 Loom
16:31 Crossbowman
19:32 Horse Collar
21:13 Wheelbarrow
25:13 Double-Bit Axe
DiegoRosi
5:13 Loom
11:08 Feudal Age
15:30 Castle Age
13:39 Double-Bit Axe
14:30 Fletching
17:18 Horse Collar
24:46 Ballistics
24:43 Bodkin Arrow
25:58 Bloodlines
Nikems
9:06 Loom
13:04 Feudal Age
17:30 Castle Age
17:09 Stone Mining
21:29 Horse Collar
22:59 Heavy Plow
26:14 Wheelbarrow
JLoops
7:17 Double-Bit Axe
7:29 Horse Collar
9:57 Loom
11:54 Feudal Age
13:39 Bow Saw
14:01 Heavy Plow
18:47 Castle Age
17:12 Gold Mining
20:57 Two-Man Saw
20:37 Crop Rotation
23:40 Wheelbarrow
23:09 Town Watch
ME_DEPRIME_JUGAR_CON_USTEDES
12:20 Feudal Age
13:24 Double-Bit Axe
16:12 Castle Age
14:22 Stone Mining
14:59 Horse Collar
17:20 Bow Saw
17:48 Wheelbarrow
22:09 Padded Archer Armor
24:39 Leather Archer Armor
ds_manu2
11:19 Feudal Age
11:33 Loom
13:04 Double-Bit Axe
16:34 Castle Age
14:36 Double-Bit Axe
14:56 Horse Collar
17:35 Bow Saw
17:38 Heavy Plow
18:59 Loom
24:13 Scale Barding Armor
24:18 Forging
24:06 Gold Mining
25:46 Chain Barding Armor
25:46 Bloodlines
25:37 Husbandry
Connection lost

Rejoining the realm…

Still unreachable

The connection could not be restored.

Session expired

The server has moved on; the page needs a fresh start.